 Dungeon Crawl Stone Soup version 0.24-a0-516-g9de272bb65 (webtiles) character file.

Game seed: 702718294753121994

232 vurker the Firebug (level 6, -5/39 HPs)
             Began as an Octopode Fire Elementalist on July 21, 2019.
             Slain by a gnoll
             ... wielding a +0 halberd
              (13 damage)
             ... on level 4 of the Dungeon.
             The game lasted 00:06:25 (3939 turns).

vurker the Firebug (Octopode Fire Elementalist)     Turns: 3939, Time: 00:06:25

Health: -5/39      AC:  1    Str:  8    XL:     6   Next: 4%
Magic:  3/10       EV: 13    Int: 19    God:
Gold:   136        SH:  0    Dex: 12    Spells: 5/11 levels left

rFire    . . .     SeeInvis .   j - +2 spear (flame)
rCold    . . .     Gourm    .   (no shield)
rNeg     . . .     Faith    .   (helmet restricted)
rPois    .         Spirit   .   (no amulet)
rElec    .         Reflect  .   (no ring)
rCorr    .         Harm     .   (no ring)
MR       .....                  (no ring)
Stlth    +++.......             (no ring)
HPRegen  0.13/turn              (no ring)
MPRegen  0.12/turn              (no ring)
                                (no ring)
                                (no ring)

@: no status effects
A: almost no armour, stealthy swim, amphibious, 8 rings, constrict 8, camouflage
1, gelatinous body 1
a: no special abilities


You were on level 4 of the Dungeon.
You were not hungry.

You visited 1 branch of the dungeon, and saw 4 of its levels.

You collected 136 gold pieces.

Inventory:

Hand Weapons
 j - a +2 spear of flaming (weapon)
   (You found it on level 2 of the Dungeon)
Scrolls
 a - 2 scrolls of teleportation {unknown}
 b - 3 scrolls of remove curse {unknown}
 g - 2 scrolls of fog {unknown}
 h - a scroll of amnesia {unknown}
 l - a scroll of enchant armour {unknown}
 m - a scroll of blinking {unknown}
 n - a scroll of magic mapping {unknown}
 p - a scroll of identify {unknown}
Potions
 c - 3 potions of curing {unknown}
 d - 2 potions of degeneration {unknown}
 f - 2 potions of agility {unknown}
 i - a potion of heal wounds {unknown}
 k - a potion of flight {unknown}
Comestibles
 e - 5 rations {!d}
 o - 2 chunks of flesh


   Skills:
 + Level 2.0 Fighting
 - Level 2.0 Dodging
 - Level 2.6 Stealth
 * Level 3.0 Spellcasting
 * Level 3.2 Conjurations
 * Level 4.4 Fire Magic


You had 5 spell levels left.
You knew the following spells:

 Your Spells              Type           Power        Failure   Level  Hunger
a - Flame Tongue          Conj/Fire      ###..        3%          1    None
b - Throw Flame           Conj/Fire      ###...       4%          2    ##.....
c - Conjure Flame         Conj/Fire      ###.....     10%         3    ###....

Your spell library contained the following spells:

 Spells                   Type           Power        Failure   Level  Hunger
 Inner Flame              Hex/Fire       ##......     19%         3    ###....
 Sticky Flame             Conj/Fire      ###.....     30%         4    ####...
 Fireball                 Conj/Fire      ###.......   65%         5    ######.


Dungeon Overview and Level Annotations

Branches:
Dungeon (4/15)
 Temple: D:4-7

Altars:
Wu Jian
Zin


Innate Abilities, Weirdness & Mutations

You cannot wear most types of armour.
You are very stealthy in the water. (Stealth+)
You are amphibious.
You can wear up to eight rings at the same time.
You can use your tentacles to constrict eight enemies at once.
Your skin changes colour to match your surroundings (Stealth+).
Your rubbery body absorbs attacks. (AC +1, EV +1)


Message History

You can't see any susceptible monsters within range! (Use Z to cast anyway.)
You can't see any susceptible monsters within range! (Use Z to cast anyway.)
You can't see any susceptible monsters within range! (Use Z to cast anyway.)
You can't see any susceptible monsters within range! (Use Z to cast anyway.)
Aim: a worm (resting)
The flame tongue hits the worm!
Aim: a worm (moderately wounded)
The flame tongue hits the worm.
Aim: a worm (moderately wounded)
The flame tongue hits the worm.
Aim: a worm (severely wounded)
The flame tongue hits the worm!
You kill the worm!
Your Fighting skill increases to level 2!
Some of the chunks of flesh in your inventory have rotted away.
All of the chunks of flesh in your inventory have rotted away.
You butcher the worm corpse.
o - 2 chunks of flesh
q - a twisted steel amulet Put on which piece of jewellery? (? for menu, Esc to quit)
You feel your power drawn to a protective spirit.
q - an amulet of guardian spirit (around mantle)
You remove your amulet of guardian spirit.
You drop an uncursed amulet of guardian spirit.
The gnoll shaman is too close now for your liking.
Aim: a gnoll shaman, wielding a +0 whip and wearing a +0 leather armour (hasn't noticed you)
The flame tongue misses the gnoll shaman.
The gnoll shaman shouts!
You hear a shout! x2
Aim: a gnoll shaman, wielding a +0 whip and wearing a +0 leather armour The flame tongue hits the gnoll shaman!
Aim: a gnoll shaman, wielding a +0 whip and wearing a +0 leather armour (heavily wounded)
The flame tongue hits the gnoll shaman!
The gnoll shouts!
The gnoll shaman hits you with a +0 whip.
Aim: a gnoll shaman, wielding a +0 whip and wearing a +0 leather armour (almost dead)
The flame tongue hits the gnoll shaman but does no damage.
The gnoll shaman utters an invocation to its god.
The gnoll shaman is healed somewhat.
The gnoll shaman completely misses you.
The gnoll shaman mumbles some strange prayers to its god.
The gnoll shaman is healed somewhat.
The gnoll misses you. The gnoll hits you with a +0 spear!
The gnoll hits you with a +0 club. The gnoll completely misses you.
The gnoll hits you from afar with a +0 spear.
The gnoll hits you from afar with a +0 halberd!
* * * LOW HITPOINT WARNING * * *
The gnoll misses you.
The gnoll shaman calls upon its god to speed up something.
The gnoll hits you from afar with a +0 halberd!
You die...

#.........## ##
###...###...##
..####.....####..#
............###..##
.................##
#...................
#...................
#.................#
#...g.@..........#
##..g##...........#
#....##g..<.......#
##...gg............#
.....................#
#....................#
##.....<...........".#
###.................#
##....................


You could see 3 gnolls.

Vanquished Creatures
  Terence (D:2)
  A worker ant (D:4)
  A hound skeleton (D:4)
  Robin (D:3)
  2 gnolls
  4 adders
  An adder skeleton (D:4)
  5 worms
  3 dart slugs
  7 orcs
  3 giant cockroaches
  14 goblins
  8 hobgoblins
  8 kobolds
  2 quokkas (D:4)
  2 bats
  3 frilled lizards
  13 rats
79 creatures vanquished.

Notes
Turn   | Place    | Note
-------+----------+-------------------------------------------
     0 | D:1      | vurker the Octopode Fire Elementalist began the quest for
                  | the Orb.
     0 | D:1      | Reached XP level 1. HP: 11/11 MP: 3/3
   301 | D:1      | Reached XP level 2. HP: 17/17 MP: 3/5
   329 | D:1      | Learned a level 2 spell: Throw Flame
  1160 | D:2      | Reached XP level 3. HP: 15/22 MP: 0/6
  1165 | D:2      | Learned a level 3 spell: Conjure Flame
  1176 | D:2      | Reached skill level 1 in Fighting
  1491 | D:2      | Noticed Terence
  1523 | D:2      | Killed Terence
  1523 | D:2      | Reached XP level 4. HP: 21/28 MP: 0/7
  1925 | D:3      | Noticed Robin
  1935 | D:3      | Killed Robin
  1946 | D:3      | Reached skill level 4 in Fire Magic
  2146 | D:2      | Reached XP level 5. HP: 15/33 MP: 0/8
  2851 | D:3      | Found a glowing silver altar of Zin.
  2970 | D:3      | Found an ornate altar of the Wu Jian Council.
  3617 | D:3      | Reached XP level 6. HP: 11/39 MP: 2/10
  3939 | D:4      | Slain by a gnoll

Levels and vault maps discovered:
D:1:      tarquinn_simple_flora_water_e, layout_loops_corners
D:2:      layout_rooms, uniq_terence
D:3:      layout_loops_ring, zin_academy, lemuel_crystal_altar, uniq_robin
D:4:      layout_layer_cave, minmay_temple_entry_butterflies, first_ration,
          st_stairs_7, uniq_menkaure

Skill      XL: |  1  2  3  4  5  6 |
---------------+-------------------+-----
Fighting       | 1 2 |  2.0
Conjurations   | 2 3 |  3.2
Fire Magic     | 4 |  4.4
Spellcasting   | 3 |  3.0
Dodging        | |  2.0
Stealth        | |  2.6

Action                   |  1- 3 |  4- 6 || total
-------------------------+-------+-------++-------
Melee: Unarmed           |    20 |       ||    20
       Constrict         |     5 |    11 ||    16
       Tentacles         |     3 |     7 ||    10
       Spear             |       |    46 ||    46
 Cast: Flame Tongue      |    41 |    84 ||   125
       Throw Flame       |     4 |     1 ||     5
 Stab: Sleeping          |     2 |     3 ||     5
  Eat: Chunk             |     2 |     8 ||    10
Armor: Skin              |       |     5 ||     5
Dodge: Dodged            |    20 |    39 ||    59

Table legend:
 A = Non-vault XP
 B = Vault XP
 C = Vault XP percentage of total XP
 D = Non-vault monster count
 E = Vault monster count
 F = Vault count percentage of total count
                 A         B        C        D         E       F
            +---------+---------+-------+---------+---------+-------
      Total |     262 |      70 |  21.1 |      68 |      11 |  13.9
            +---------+---------+-------+---------+---------+-------
        D:1 |      24 |       0 |   0.0 |      14 |       0 |   0.0
        D:2 |      58 |      38 |  39.6 |      17 |       1 |   5.6
        D:3 |      99 |      32 |  24.4 |      30 |      10 |  25.0
        D:4 |      81 |       0 |   0.0 |       7 |       0 |   0.0
            +---------+---------+-------+---------+---------+-------
